 Dungeon Crawl Stone Soup version 0.28.0-53-g5a82cb258f (webtiles) character file.

Game seed: 9082719420354419140

40 Gabide the Bolt Thrower (level 3, -1/29 HPs)
             Began as a Barachi Hunter on June 18, 2022.
             Slain by Terence
             ... wielding a +0 flail
              (5 damage)
             ... on level 2 of the Dungeon.
             The game lasted 00:04:12 (1639 turns).

Gabide the Bolt Thrower (Barachi Hunter)            Turns: 1639, Time: 00:04:12

Health: -1/29      AC:  5    Str: 13    XL:     3   Next: 50%
Magic:  3/3        EV: 11    Int: 11    God:
Gold:   50         SH:  0    Dex: 14    Spells: 2/2 levels left

rFire   . . .      SeeInvis .   a - +1 hand crossbow
rCold   . . .      Faith    .   (no shield)
rNeg    . . .      Spirit   .   e - +0 ring mail
rPois   .          Reflect  .   (no helmet)
rElec   .          Harm     .   (no cloak)
rCorr   .          Rampage  .   (no gloves)
Will    .....                   (no boots)
Stlth   +.........              (no amulet)
HPRegen 0.09/turn               (no ring)
MPRegen 0.08/turn               (no ring)

@: unable to hop, slow
A: amphibious, slowness 1, strong legs 1, +LOS
a: Hop


You were on level 2 of the Dungeon.
You visited 1 branch of the dungeon, and saw 2 of its levels.

You collected 50 gold pieces.

Inventory:

Hand Weapons
 a - a +1 hand crossbow (weapon)
 b - a +0 short sword
Missiles
 d - 8 bolts (quivered ammo)
Armour
 e - a +0 ring mail (worn)
Scrolls
 c - a scroll of blinking {unknown}
 f - a scroll of fog


   Skills:
 + Level 3.4 Fighting
 * Level 1.2 Short Blades
 + Level 4.5 Crossbows
 - Level 2.1 Dodging
 - Level 0.8 Stealth


You had 2 spell levels left.
You didn't know any spells.
Your spell library was empty.

Dungeon Overview and Level Annotations

Branches:
Dungeon (2/15)

Altars:

Annotations:
D:2 Terence


Innate Abilities, Weirdness & Mutations

You are amphibious.
You cover ground slowly.
You can hop short distances.
You have an extended range of vision and can be seen from far away.


Message History

You shoot a bolt. The bolt barely misses Terence.
Terence hits you with a +0 flail.
You shoot a bolt. The bolt barely misses Terence.
Terence shouts, "Now you die!" Terence hits you with a +0 flail.
You are too injured to fight recklessly!
Hop to where?
Press: ? - help, Dir - move target, p - Terence Boing!
You are too injured to fight recklessly!
You aren't carrying any potions.
Unknown command.
As you read the scroll labelled TAFUTHREAMY, it crumbles to dust.
The scroll dissolves into smoke.
It was a scroll of fog.
Fire: 10 bolts
Press: ? - help, Q - select action, (/) - cycle Shift-Dir - straight line, f - Terence
Aim: Terence, wielding a +0 flail and wearing a +0 chain mail (grey smoke, moderately wounded, 72% to hit)
You shoot a bolt. The bolt hits Terence.
Terence is heavily wounded.
Terence screams, "I want your blood!"
Terence drinks a potion.
Terence is healed!
Terence asks, "Do you want it fast or slow?"
Terence barely misses you. Terence hits you with a +0 flail.
Terence bares his teeth.
Terence hits you with a +0 flail.
Fire: 9 bolts
Press: ? - help, Q - select action, (/) - cycle Shift-Dir - straight line, f/p - Terence
Aim: Terence, wielding a +0 flail and wearing a +0 chain mail (72% to hit)
You shoot a bolt. The bolt hits Terence!
Terence is heavily wounded.
Terence hits you with a +0 flail.
* * * LOW HITPOINT WARNING * * *
Terence shouts, "ATTACK!!!"
Terence hits you but does no damage. Terence hits you with a +0 flail.
* * * LOW HITPOINT WARNING * * *
Terence bares his teeth.
Terence hits you with a +0 flail.
You die...

.......#....#.##...##...#
.............)......(...+
#...#..#.รท..#.##...##...#
# #..#....#.##...##...#
#..#.#..#.##...##...#
#..#.#....##...##...#
#...............##### .#
##.#.#..........# ## ....
#..@@...............
.##...##)#.##..##.#...###.#
........<..................
.##...##.#..#.#.#.#.#......
#.. #.#..#.....#.#.###.# ##
.....#.##..#.#.# #
##.##.#.. .... #.# .#.#
#.#.# #.# .#.# ..#


You could see Terence.

Vanquished Creatures
  An adder (D:2)
  A worm (D:2)
  A dart slug (D:1)
  A ball python (D:1)
  2 bats
  2 endoplasms (D:1)
  3 goblins
  2 hobgoblins
  3 kobolds
  2 quokkas (D:1)
  5 frilled lizards
  2 rats
25 creatures vanquished.

Notes
Turn   | Place    | Note
-------+----------+-------------------------------------------
     0 | D:1      | Gabide the Barachi Hunter began the quest for the Orb.
     0 | D:1      | Reached XP level 1. HP: 17/17 MP: 1/1
   401 | D:1      | Reached XP level 2. HP: 13/23 MP: 2/2
   732 | D:1      | Found a faded altar of an unknown god.
  1364 | D:2      | Reached XP level 3. HP: 21/29 MP: 3/3
  1564 | D:2      | Reached skill level 1 in Short Blades
  1587 | D:2      | Noticed Terence
  1639 | D:2      | Slain by Terence

Illustrated notes

Levels and vault maps discovered:
D:1:      grunt_arrival_crossed_arrows, layout_basic,
          hellmonk_ecumenical_altar_zigzags, kennysheep_pointless_box
D:2:      layout_basic, uniq_terence

Skill      XL: |  1  2  3 |
---------------+----------+-----
Fighting       | 3 |  3.4
Short Blades   | 1 |  1.2
Crossbows      | |  4.5
Dodging        | |  2.1
Stealth        | |  0.8

Action                   || total
-------------------------++-------
Melee: Short sword       ||    69
 Fire: Hand crossbow     ||    20
 Abil: Hop               ||     1
  Use: Scroll            ||     1
Armor: Leather armour    ||     6
       Ring mail         ||    10
Dodge: Dodged            ||    37
